 Dungeon Crawl Stone Soup version 0.27-a0-592-g0306a34022 (webtiles) character file.

Game seed: 15643991278483968117

123 srzhan31 the Magician (level 5, -3/29 HPs)
             Began as a Gargoyle Hedge Wizard on Mar 11, 2021.
             Slain by Grinder (6 damage)
             ... on level 3 of the Dungeon.
             The game lasted 00:09:03 (4652 turns).

srzhan31 the Magician (Gargoyle Hedge Wizard)       Turns: 4652, Time: 00:09:04

Health: -3/29      AC: 10    Str: 13    XL:     5   Next: 7%
Magic:  8/10       EV: 12    Int: 16    God:
Gold:   231        SH:  0    Dex:  9    Spells: 10/11 levels left

rFire    + . .     SeeInvis .   d - +0 short sword (vamp)
rCold    . . .     Faith    .   (no shield)
rNeg     + . .     Spirit   .   b - +0 robe
rPois    ∞         Reflect  .   c - +0 hat
rElec    +         Harm     .   (no cloak)
rCorr    .         Rampage  .   (no gloves)
Will     .....                  (no boots)
Stlth    ++........             (no amulet)
HPRegen  0.09/turn              e - +4 ring of protection
MPRegen  0.12/turn              m - ring of protection from fire

@: no status effects
A: negative energy resistance 1, electricity resistance, torment resistance 1,
unbreathing 1, petrification resistance, AC +4
a: no special abilities


You were on level 3 of the Dungeon.
You visited 1 branch of the dungeon, and saw 3 of its levels.

You collected 231 gold pieces.

Inventory:

Hand Weapons
 a - a +0 dagger
 d - a +0 vampiric short sword (weapon)
Armour
 b - a +0 robe (worn)
 c - a +0 hat (worn)
Jewellery
 e - a +4 ring of protection (right hand)
 m - a ring of protection from fire (left hand)
Scrolls
 h - a scroll of blinking {unknown}
 i - 2 scrolls of noise {unknown}
 k - 2 scrolls of identify {unknown}
 l - a scroll of enchant weapon {unknown}
 n - a scroll of immolation {unknown}
 o - a scroll of fear {unknown}
 p - 2 scrolls of teleportation {unknown}
 q - a scroll of enchant armour {unknown}
 t - a scroll of amnesia {unknown}
Potions
 f - a potion of attraction {unknown}
 g - a potion of invisibility {unknown}
 j - 4 potions of curing {unknown}
 r - a potion of flight {unknown}
 s - a potion of degeneration {unknown}
 u - a potion of mutation {unknown}
 v - a potion of magic {unknown}
 w - 2 potions of lignification {unknown}


   Skills:
 * Level 1.0 Fighting
 * Level 0.5 Armour
 * Level 2.2 Dodging
 - Level 2.1 Stealth
 * Level 0.8 Shields
 * Level 3.8 Spellcasting
 * Level 2.0 Conjurations
 * Level 1.2 Summonings
 * Level 1.3 Translocations
 * Level 0.6 Air Magic
 * Level 0.3 Poison Magic


You had 10 spell levels left.
You knew the following spells:

 Your Spells              Type           Power      Damage    Failure   Level
a - Magic Dart            Conj           36%        1d4       8%          1

Your spell library contained the following spells:

 Spells                   Type           Power      Damage    Failure   Level
 Blink                    Tloc           N/A        N/A       16%         2
 Call Imp                 Summ           6%         N/A       16%         2
 Slow                     Hex            3%         N/A       26%         2
 Conjure Flame            Conj/Fire      6%         6-21      34%         3
 Mephitic Cloud           Conj/Pois/Air  6%         N/A       34%         3


Dungeon Overview and Level Annotations

Branches:
Dungeon (3/15)

Altars:
Elyvilon
Fedhas
Yredelemnul

Annotations:
D:2 2 transporters
D:3 Grinder


Innate Abilities, Weirdness & Mutations

Your stone body is resilient. (AC +4)
You are immune to poison.
You resist negative energy. (rN+)
You are resistant to electric shocks. (rElec)
You are resistant to unholy torment.
You can survive without breathing.
You are immune to petrification.


Message History

Grinder hits you but does no damage.
You closely miss Grinder.
Grinder is moderately wounded.
Grinder gestures at you. Pain shoots through your body!
You hit Grinder but do no damage.
Grinder is moderately wounded.
Grinder hits you.
You writhe in agony.
You barely miss Grinder.
Grinder is moderately wounded.
Grinder says, "Wait up."
Grinder barely misses you.
You barely miss Grinder.
Grinder is moderately wounded.
Grinder blinks!
Grinder gestures at you. Pain shoots through your body!
Unknown command.
Unknown command.
Unknown command.
Grinder hits you.
You writhe in agony.
You barely miss Grinder.
Grinder is moderately wounded.
Grinder gestures at you. You resist with significant effort.
You hit Grinder.
Grinder is moderately wounded.
Grinder gestures at you. You resist with significant effort.
You barely miss Grinder.
Grinder is moderately wounded.
Grinder gestures at you.
You barely resist. Grinder gestures at you. Pain shoots through your body!
* * * LOW HITPOINT WARNING * * *
You closely miss Grinder.
Grinder is moderately wounded.
Grinder hits you.
You die...

##### ##...## ###
#####.....##############
#..(##......@................
#......###..5..#############.
#<..##.# ##............# #.
##.# #.# ##.#########.# ##
#.# #.# #...........# # #.#
#.#####.########..#### # #.#
#.......# #.....# #
#.###.....#.# ##.##.###
######..)..##..#.# #.##....


You could see Grinder.

Vanquished Creatures
  Robin (D:3)
  2 adders
  An ooze (D:3)
  A worm (D:2)
  2 leopard geckos (D:2)
  2 orcs
  8 bats
  A giant cockroach (D:2)
  14 goblins
  13 hobgoblins
  3 jackals (D:2)
  12 kobolds
  A quokka (D:3)
  8 frilled lizards
  7 rats
76 creatures vanquished.

Notes
Turn   | Place    | Note
-------+----------+-------------------------------------------
     0 | D:1      | srzhan31 the Gargoyle Hedge Wizard began the quest for the
                  | Orb.
     0 | D:1      | Reached XP level 1. HP: 10/10 MP: 4/4
   417 | D:1      | Reached XP level 2. HP: 15/15 MP: 4/6
   583 | D:1      | Reached skill level 1 in Summonings
   815 | D:1      | Reached skill level 1 in Translocations
  1400 | D:1      | Reached XP level 3. HP: 19/19 MP: 4/7
  2568 | D:2      | Reached XP level 4. HP: 24/24 MP: 4/9
  2917 | D:2      | Found a transporter.
  2922 | D:2      | Found a transporter.
  2922 | D:2      | Noticed a sky beast
  2924 | D:2      | Noticed a phantom
  2933 | D:2      | Found a white marble altar of Elyvilon.
  3022 | D:2      | Found a blossoming altar of Fedhas.
  3392 | D:3      | Noticed Grinder
  3954 | D:3      | Noticed Robin
  4039 | D:3      | Killed Robin
  4040 | D:3      | Reached XP level 5. HP: 16/28 MP: 10/10
  4332 | D:3      | Reached skill level 1 in Fighting
  4599 | D:3      | Paralysed by Grinder for 3 turns
  4608 | D:3      | Paralysed by Grinder for 4 turns
  4613 | D:3      | Paralysed by Grinder for 5 turns
  4627 | D:3      | Paralysed by Grinder for 2 turns
  4652 | D:3      | Slain by Grinder

Illustrated notes

Levels and vault maps discovered:
D:1:      minmay_arrival_stair_chambers, layout_basic
D:2:      layout_loops_ring, gammafunk_temple_overflow_arena,
          fedhas_altar_fruit_tree, kennysheep_flooded_box, minmay_heptomino_h4
D:3:      layout_loops_ring, yredelemnul_altar_generic, uniq_robin, uniq_grinder

Skill      XL: |  1  2  3  4  5 |
---------------+----------------+-----
Summonings     | 1 |  1.2
Translocations | 1 |  1.3
Dodging        | 2 |  2.2
Conjurations   | 2 |  2.0
Fighting       | 1 |  1.0
Armour         | |  0.5
Stealth        | |  2.1
Shields        | |  0.8
Spellcasting   | |  3.8
Air Magic      | |  0.6
Poison Magic   | |  0.3

Action                   |  1- 3 |  4- 6 || total
-------------------------+-------+-------++-------
Melee: Dagger            |    32 |       ||    32
       Short sword       |    23 |   107 ||   130
 Cast: Magic Dart        |    97 |    68 ||   165
Armor: Robe              |    22 |    56 ||    78
Dodge: Dodged            |    48 |   115 ||   163

Table legend: (Time is in decaauts)
 A = Elapsed time spent in this place.
 B = Non-inter-level travel time spent in this place.
 C = Inter-level travel time spent in this place.
 D = Time resting spent in this place.
 E = Time spent auto-exploring this place.
 F = Levels seen in this place.
 G = Mean time per level.
                   A        B        C        D        E       F      G
               +--------+--------+--------+--------+--------+-----+--------+
         Total |   4662 |   4596 |     66 |      0 |   3802 |   3 | 1554.0 |
       Dungeon |   4662 |   4596 |     66 |      0 |   3802 |   3 | 1554.0 |
               +--------+--------+--------+--------+--------+-----+--------+

Top non-repeatable levels by time:
     D:1: 1896 daAuts
     D:2: 1508 daAuts
     D:3: 1257 daAuts
